 Dungeon Sprint DCSS version 0.26-a0-1184-g95e395e029 (webtiles) character file.

Game seed: 16671674046300862600

153 reriks the Skirmisher (level 5, -2/37 HPs)
             Began as a Gargoyle Fighter on Dec 27, 2020.
             Slain by a death drake (7 damage)
             ... in the Dungeon (Sprint II: "The Violet Keep of Menkaure").
             The game lasted 00:01:02 (933 turns).

reriks the Skirmisher (Gargoyle Fighter)             Turns: 933, Time: 00:01:02

Health: -2/37      AC: 11    Str: 20    XL:     5   Next: 35%
Magic:  5/5        EV:  8    Int:  9    God:
Gold:   243        SH: 10    Dex:  9    Spells: 4/4 levels left

rFire    . . .     SeeInvis .   a - +0 flail
rCold    . . .     Faith    .   c - +0 kite shield
rNeg     + . .     Spirit   .   b - +0 scale mail
rPois    ∞         Reflect  .   (no helmet)
rElec    +         Harm     .   (no cloak)
rCorr    .         Rampage  .   (no gloves)
Will     .....     NoTele   +   (no boots)
Stlth    ..........             (no amulet)
HPRegen  0.12/turn              (no ring)
MPRegen  0.09/turn              (no ring)

@: berserk cooldown, slowed, very slow
A: negative energy resistance 1, electricity resistance, unbreathing,
petrification resistance, miasma immunity, AC +4
a: no special abilities


You were in the Dungeon.
You visited 1 branch You collected 243 gold pieces.

Inventory:

Hand Weapons
 a - a +0 flail (weapon)
Armour
 b - a +0 scale mail (worn)
 c - a +0 kite shield (worn)
Scrolls
 j - a scroll of blinking
Potions
 d - a potion of might
 e - a potion of curing
 f - a potion of heal wounds
 g - a potion of haste
 h - 2 potions of magic


   Skills:
 + Level 6.5 Fighting
 + Level 5.4 Maces & Flails
 + Level 6.5 Armour
 + Level 6.5 Shields


You had 4 spell levels left.
You didn't know any spells.
Your spell library was empty.

Dungeon Overview and Level Annotations

Branches:
Dungeon (1/1)

Altars:
Cheibriados
Dithmenos
Elyvilon
Fedhas
Gozag
Hepliaklqana
Kikubaaqudgha
Makhleb
Ru
Sif Muna
Trog
Beogh
Jiyva
Lugonu


Innate Abilities, Weirdness & Mutations

You are resistant to torment.
Your stone body is resilient. (AC +4)
You are immune to poison.
You resist negative energy. (rN+)
You are resistant to electric shocks. (rElec)
You can survive without breathing.
You are immune to petrification.
You are immune to miasma.


Message History

You miss the death drake.
The death drake is severely wounded.
The death drake bites you.
* * * LOW HITPOINT WARNING * * *
The death drake bites you but does no damage.
You closely miss the death drake.
The death drake is severely wounded.
The death drake bites you.
* * * LOW HITPOINT WARNING * * *
The death drake barely misses you. You block the death drake's attack.
You closely miss the death drake.
The death drake is severely wounded.
The death drake bites you but does no damage. x2
You hit the death drake.
The death drake is severely wounded.
The death drake bites you but does no damage.
The ice statue glitters chillingly in the dim dungeon light.
The death drake bites you but does no damage.
The death drake bites you!
You die...

##≈≈≈≈≈°°##
##≈°○○○○○≈≈
+≈≈≈°≈8≈○≈
##++# ≈≈°○○≈≈
##≈..^###
≈☼☼° e≈^....#
#≈≈#+++#+++##
#....# ##
≈≈≈.......k.#
+^^(^# k#
≈≈≈≈.##k##..#
####.# 8# ≈≈≈
#.#@##.####
+.##k# ≈
#.##..#....#
#...#
###..####..##
##..# #'##
##..# +..#
##.## #..#
#..# +.<.+
+..####..##.
##.##
#....###...#
#+#
#....§§≈≈≈≈≈
#≈≈.....≈#+##


You could see a death drake and an ice statue.

Vanquished Creatures
  Menkaure (D)
  A water moccasin (D)
  3 worms (D)
5 creatures vanquished.

Vanquished Creatures (others)
  A water moccasin (D)
1 creature vanquished.

Grand Total: 6 creatures vanquished

Notes
Turn   | Place    | Note
-------+----------+-------------------------------------------
     0 | D        | reriks the Gargoyle Fighter began the quest for the Orb.
     0 | D        | Reached XP level 1. HP: 14/14 MP: 1/1
    11 | D        | Reached XP level 2. HP: 10/20 MP: 2/2
   267 | D        | Noticed an ice statue
   281 | D        | Noticed a water moccasin
   298 | D        | Killed a water moccasin
   299 | D        | Reached skill level 5 in Maces & Flails
   299 | D        | Reached XP level 3. HP: 3/27 MP: 3/3
   299 | D        | Reached XP level 4. HP: 4/32 MP: 4/4
   331 | D        | Killed a water moccasin
   598 | D        | Noticed Menkaure
   604 | D        | Killed Menkaure
   605 | D        | Reached XP level 5. HP: 19/37 MP: 5/5
   760 | D        | Found a blossoming altar of Fedhas.
   761 | D        | Found a white marble altar of Elyvilon.
   762 | D        | Found a shadowy altar of Dithmenos.
   762 | D        | Found a corrupted altar of Lugonu.
   762 | D        | Found an opulent altar of Gozag.
   762 | D        | Found a burning altar of Makhleb.
   763 | D        | Found a snail-covered altar of Cheibriados.
   763 | D        | Found an ancient bone altar of Kikubaaqudgha.
   763 | D        | Found a bloodstained altar of Trog.
   764 | D        | Found a roughly hewn altar of Beogh.
   764 | D        | Found a viscous altar of Jiyva.
   764 | D        | Found a shimmering blue altar of Sif Muna.
   765 | D        | Found a hazy altar of Hepliaklqana.
   765 | D        | Found a sacrificial altar of Ru.
   773 | D        | Noticed a deep elf master archer
   883 | D        | Noticed a swamp drake
   883 | D        | Noticed a swamp drake
   883 | D        | Noticed a death drake
   885 | D        | Noticed a death drake
   887 | D        | Noticed a crystal guardian
   933 | D        | Slain by a death drake

Illustrated notes

Levels and vault maps discovered:
D:        the_violet_keep_of_menkaure [sprint2_stairs_cluster_1,
          sprint2_shoproom, sprint2_temple, sprint2_basic_supplies,
          sprint2_obstacle_3, sprint2_obstacle_1, sprint2_obstacle_2,
          sprint2_obstacle_6, sprint2_obstacle_4, sprint2_timed_cluster_1,
          sprint2_smallroom_cluster_1, sprint2_smallroom_final_cluster_1,
          sprint2_transparent_cluster_1, sprint2_second_timed_cluster_1,
          sprint2_sniper_area_1, sprint2_heavy_combat_area_1,
          sprint2_mutation_trap_area_1, sprint2_forest_area_1,
          sprint2_light_combat_area_1, sprint2_behind_water_1,
          sprint2_near_end_vault_1]

Skill      XL: |  1  2 |
---------------+-------+-----
Fighting       | 6 |  6.5
Armour         | 6 |  6.5
Shields        | 6 |  6.5
Maces & Flails | 5 |  5.4

Action                   |  1- 3 |  4- 6 || total
-------------------------+-------+-------++-------
Melee: Flail             |    26 |    34 ||    60
  Use: Potion            |       |     1 ||     1
Armor: Scale mail        |    11 |    15 ||    26
Dodge: Dodged            |     9 |     9 ||    18
Block: Kite shield       |     3 |    10 ||    13

Table legend: (Time is in decaauts)
 A = Elapsed time spent in this place.
 B = Non-inter-level travel time spent in this place.
 C = Inter-level travel time spent in this place.
 D = Time resting spent in this place.
 E = Time spent auto-exploring this place.
 F = Levels seen in this place.
 G = Mean time per level.
                   A        B        C        D        E       F      G
               +--------+--------+--------+--------+--------+-----+--------+
         Total |    948 |    948 |      0 |    802 |      0 |   1 |  948.0 |
       Dungeon |    948 |    948 |      0 |    802 |      0 |   1 |  948.0 |
               +--------+--------+--------+--------+--------+-----+--------+

Top non-repeatable levels by time:
       D: 948 daAuts
